AoeStats
← HD_Daniel

Arabia

503264906Analyzed
1v1 RM · 1mo ago on Aug 30, 2026· 92m 21s· 2 players
Game mode
Random Map
Map size
Tiny (2 player)
Population
200
Speed
Normal
Resources
Standard
Victory
Conquest
Starting age
Dark Age
Ending age
Imperial Age
RankedLock teamsTeams togetherTeam positionsShared explorationLock speedFull tech treeHidden civsTurbo modeCheats
Victory
Defeat
🇲🇽 Burmese · Mexico
1242
+15
🇦🇷 Maya · Argentina
1211
-15
PNAL | juansombl
0:29 Loom
10:04 Feudal Age
11:18 Double-Bit Axe
13:52 Fletching
20:26 Castle Age
19:11 Arson
20:36 Crossbowman
21:22 Bodkin Arrow
21:47 Gold Mining
21:39 Horse Collar
29:15 Ballistics
31:04 Town Watch
33:56 Wheelbarrow
36:53 Imperial Age
35:08 Padded Archer Armor
36:15 Leather Archer Armor
36:18 Masonry
36:20 Herbal Medicine
38:41 Chemistry
38:06 Bracer
40:09 Ring Archer Armor
39:46 Arbalester
42:29 Thumb Ring
43:18 Conscription
44:14 Pikeman
44:54 Squires
44:57 Scale Mail Armor
44:48 Halberdier
45:41 Forging
67:27 Chain Mail Armor
68:42 Iron Casting
71:03 Elite Skirmisher
72:02 Eagle Warrior
76:21 Plate Mail Armor
77:51 Plate Mail Armor
80:56 Blast Furnace
HD_Daniel
8:58 Loom
10:54 Feudal Age
15:16 Castle Age
13:27 Horse Collar
21:55 Town Watch
22:58 Stone Mining
24:57 Fletching
28:55 Gold Mining
30:25 Bodkin Arrow
34:51 Imperial Age
36:46 Gold Shaft Mining
36:12 Heavy Plow
37:59 Bracer
39:25 Chemistry
38:46 Ballistics
39:12 Scale Barding Armor
39:40 Crop Rotation
39:46 Wheelbarrow
39:22 Town Patrol
39:52 Conscription
40:14 Chain Barding Armor
40:39 Howdah
40:28 Elite Battle Elephant
41:20 Bloodlines
41:10 Husbandry
41:47 Plate Barding Armor
42:03 Forging
41:28 Light Cavalry
42:15 Hussar
44:42 Iron Casting
48:12 Blast Furnace
54:22 Hand Cart
61:39 Masonry
61:35 Siege Engineers
63:45 Padded Archer Armor
63:46 Scale Mail Armor
63:27 Elite Skirmisher
64:56 Crossbowman
66:55 Chain Mail Armor
67:45 Architecture
67:11 Murder Holes
66:56 Treadmill Crane
Connection lost

Rejoining the realm…

Still unreachable

The connection could not be restored.

Session expired

The server has moved on; the page needs a fresh start.